Cogmind - Beta 15 @@@ ROGUE MODE // 2025.08.25 @ 14:57:17 Player: Triffids Result: Self-destructed Performance ------------- Evolutions (4) 2000 Regions Visited (6) 1200 Robots Destroyed (54) 270 Value Destroyed (1354) 1354 Prototype IDs (3) 60 Alien Tech Used (0) 0 Bonus (33) 33 TOTAL SCORE: 4917 Bonus ------- Follower Combat Kills 33 Cogmind --------- Core Integrity 835/850 Matter 118/300 Energy 370/370 System Corruption 1% Temperature Cool (0) Movement Walking (120) Location -6/Factory Parts ------- > --- POWER (2) -------- Light Nuclear Core Fission Core > --- PROPULSION (4) --- Aluminum Leg Improved Aluminum Leg Improved Carbon-fiber Leg Flexi-carbon Leg > --- UTILITY (6) ------ Advanced Heat Sink Medium Storage Unit Advanced Sensor Array Improved Signal Interpreter Advanced Terrain Scanner Terrain Scan Processor > --- WEAPON (3) ------- Heavy Laser Plasma Rifle Heavy Machine Gun > --- INVENTORY (10) --- Angular Momentum Engine Armored Huge Wheel Advanced Sensor Array Advanced ECM Suite Improved Reaction Control System Force Field Heavy Laser High-powered Shotgun Mining Laser Peak State ------------ > --- POWER ------------ Light Nuclear Core Fission Core > --- PROPULSION ------- Improved Aluminum Leg Improved Carbon-fiber Leg Flexi-carbon Leg Gravmag System > --- UTILITY ---------- Advanced Heat Sink Medium Storage Unit Advanced Sensor Array Improved Signal Interpreter Advanced Terrain Scanner Terrain Scan Processor > --- WEAPON ----------- Heavy Laser Plasma Rifle Heavy Machine Gun > --- INVENTORY -------- Angular Momentum Engine Armored Huge Wheel Advanced Sensor Array Advanced ECM Suite Improved Reaction Control System Force Field Heavy Laser High-powered Shotgun Mining Laser [Rating: 62] Favorites ----------- Power Light Ion Engine Engine Light Ion Engine Power Core Light Nuclear Core Propulsion Aluminum Leg Leg Aluminum Leg Hover Unit Gravmag System Utility Small Storage Unit Device Improved Heat Sink Storage Small Storage Unit Processor Improved Signal Interpreter Protection Light Armor Plating Weapon Improved Medium Laser Energy Gun Improved Medium Laser Ballistic Gun Gauss Rifle Launcher Mini Grenade Launcher Special Weapon Mining Laser Build | -11 -10 -10 -10 -8 -7 -6 ------- Run | Yrd Mat Min Sub Mat Fac Fac Slots Evolved 8 | . . . . 4 2 2 Power 1 | . . . . . . 1 Propulsion 2 | . . . . . 2 . Utility 4 | . . . . 4 . . Weapon 1 | . . . . . . 1 Parts Attached 57 | 7 3 . 2 11 17 17 Power 7 | 1 . . 1 2 1 2 Engine 4 | 1 . . 1 2 . . Core 3 | . . . . . 1 2 Reactor . | . . . . . . . Propulsion 17 | 2 . . 1 1 10 3 Treads . | . . . . . . . Leg 16 | 2 . . 1 1 10 2 Wheel . | . . . . . . . Hover 1 | . . . . . . 1 Flight . | . . . . . . . Utility 21 | 2 1 . . 6 4 8 Device 13 | 1 1 . . 3 2 6 Storage 2 | 1 . . . . . 1 Processor 4 | . . . . 2 1 1 Hackware . | . . . . . . . Protection 2 | . . . . 1 1 . Artifact . | . . . . . . . Weapon 12 | 2 2 . . 2 2 4 Energy Gun 5 | 1 1 . . 1 . 2 Energy Cannon . | . . . . . . . Ballistic Gun 5 | 1 . . . 1 1 2 Ballistic Cannon . | . . . . . . . Launcher 1 | . . . . . 1 . Special Weapon 1 | . 1 . . . . . Impact Weapon . | . . . . . . . Slashing Weapon . | . . . . . . . Piercing Weapon . | . . . . . . . Special Melee Weapon . | . . . . . . . Unidentified Prototypes 1 | . . . . 1 . . Parts Lost 8 | . . . 1 . 6 1 Power 2 | . . . 1 . 1 . Propulsion 1 | . . . . . . 1 Utility 5 | . . . . . 5 . Weapon . | . . . . . . . Highest Loss Streak 3 | . . . 1 . 3 1 To Critical Strikes . | . . . . . . . Average Backups 7 | 3 6 8 7 7 6 8 Power . | 1 1 1 . 1 . . Propulsion 1 | . 1 2 2 2 1 1 Utility 2 | . 1 2 2 . 1 3 Weapon 2 | 1 2 3 3 3 3 2 Tool/Special . | . . . . . . . Unused Backups 11 | . 2 . 1 . 2 6 Power 1 | . . . . . . 1 Propulsion 2 | . . . . . 1 1 Utility 5 | . 1 . 1 . . 3 Weapon 3 | . 1 . . . 1 1 Tool/Special . | . . . . . . . Average Slot Usage (%) 97 | . 100 100 100 92 96 97 Engine 6 | . 14 14 14 9 3 . Core 4 | . . . . . 3 13 Leg 26 | . 28 28 28 18 29 23 Device 19 | . 14 14 14 26 20 21 Storage 9 | . 14 14 14 9 7 6 Processor 6 | . . . . 10 7 11 Protection 1 | . . . . . 5 . Energy Gun 9 | . 13 14 14 9 7 7 Ballistic Gun 10 | . 14 14 14 7 6 11 Peak Build Rating 62 | 7 8 8 9 27 33 62 Average Rating 27 | 5 7 8 8 22 29 53 On Entrance 13 | . 7 8 8 9 27 33 Naked Turns . | . . . . . . . Heaviest Build 48 | 12 14 14 14 26 29 48 Greatest Support 61 | 20 20 20 20 27 47 61 Greatest Overweight (x) 1 | . . . . . . 1 Average Overweight (x) . | . . . . . . . Largest Inventory Capacity 10 | 8 8 8 8 8 8 10 Average Capacity 8 | 7 8 8 8 8 8 9 Most Carried 10 | 5 8 8 8 8 8 10 Average Carried 7 | 3 6 8 7 7 7 9 Final Capacity 10 | 8 8 8 8 8 8 10 Final Carried 10 | 4 8 8 8 8 7 10 Class Distribution -------------------- 56% | Mutant 20% | Scavenger-Mutant 17% | Scavenger-Skirmisher 6% | Skirmisher Dominant Class ---------------- Mutant | -10/Materials Mutant | -10/Mines Mutant | -10/Subcaves Mutant | -8/Materials Scavenger-Mutant | -7/Factory Scavenger-Skirmisher | -6/Factory Resources | -11 -10 -10 -10 -8 -7 -6 ----------- Run | Yrd Mat Min Sub Mat Fac Fac Matter Collected 1184 | 285 118 6 41 60 525 149 Remotely . | . . . . . . . Salvage Created 1531 | 66 208 40 105 60 869 183 Parts 94 | 9 18 4 4 4 40 15 Haulers Intercepted 1 | . 1 . . . . . Recyclers Shooed 5 | 2 . . . 2 1 . Parts Field Recycled . | . . . . . . . Retrieved Matter . | . . . . . . . Parts Self-Destructed 8 | . . . 8 . . . Prevented . | . . . . . . . Kills | -11 -10 -10 -10 -8 -7 -6 ------- Run | Yrd Mat Min Sub Mat Fac Fac Combat Hostiles Destroyed 36 | . 7 3 4 1 19 2 Guns 32 | . 7 3 3 1 16 2 AOE 3 | . . . . . 3 . Classes Destroyed 13 | 1 4 . 1 1 6 . Worker 9 | . . . . . 6 3 Builder 3 | . 1 . . . . 2 Tunneler 3 | 3 . . . . . . Hauler 1 | . 1 . . . . . Recycler 1 | . . . . . 1 . Watcher 1 | . . . . . 1 . Swarmer 16 | . 6 3 1 . 6 . Grunt 11 | . 1 . 2 . 8 . Brawler 1 | . . . . . 1 . Sentry 1 | . . . . 1 . . Hunter 2 | . . . . . 2 . Programmer 4 | . . . . . 2 2 Subdweller 1 | . . . 1 . . . Best Kill Streak 6 | 3 4 3 2 1 6 1 Combat Bots Only 4 | . 4 3 2 1 4 1 Max Kills in Single Turn 4 | 1 2 2 1 1 4 1 Gunslinging 1 | . 1 1 . . . . Exploded 3 | . . . . . 3 . Melee . | . . . . . . . Uniques/NPCs Destroyed . | . . . . . . . Combat | -11 -10 -10 -10 -8 -7 -6 -------- Run | Yrd Mat Min Sub Mat Fac Fac Hostile Shots Fired 170 | . 20 4 11 4 106 25 Missed 44 | . 4 2 2 3 27 6 Hits 126 | . 16 2 9 1 79 19 Melee 2 | . . . . . 2 . Projectile 124 | . 16 2 9 1 77 19 Critical Strikes 6 | . . . . . 4 2 Part Disruptions 2 | . . . . . . 2 Damage Taken 2023 | . 127 18 226 14 1287 351 Core 170 | . 16 10 . . 129 15 Absorbed by Shields 143 | . . . . . . 143 Core Remaining (%) 92 | 100 . . 89 100 81 . Volleys Fired 139 | 11 21 2 7 12 64 22 Largest 3 | 2 2 2 2 2 2 3 Hottest 174 | 60 100 85 85 100 86 174 Shots Fired 279 | 22 41 4 14 18 123 57 Gun 270 | 22 40 4 14 14 119 57 Cannon . | . . . . . . . Launcher 4 | . . . . . 4 . Special 5 | . 1 . . 4 . . Kinetic 130 | 11 20 2 7 6 55 29 Thermal 145 | 11 21 2 7 12 64 28 Explosive 4 | . . . . . 4 . Electromagnetic . | . . . . . . . Robot Hit Streak 8 | 6 6 2 8 4 6 8 Robot Miss Streak 5 | 3 4 5 4 3 4 4 Penetration Max 1 | . . . . . 1 . Secondary Targets 3 | . 1 1 . . 1 . Max Gunslinging Chain 1 | . 1 1 . . 1 . Shots Hit Robots 168 | 13 24 4 12 9 75 31 Core Hits 97 | 4 16 6 11 4 46 10 Critical Kills . | . . . . . . . Critical Parts Destroyed 1 | . . . . . 1 . Critical Strikes 3 | . . . . . 2 1 Burn 2 | . . . . . 1 1 Destroy 1 | . . . . . 1 . Melee Attacks . | . . . . . . . Impact . | . . . . . . . Slashing . | . . . . . . . Piercing . | . . . . . . . Sneak Attacks . | . . . . . . . Combat Hostiles . | . . . . . . . Follow-up Attacks . | . . . . . . . Damage Inflicted 3780 | 148 271 46 151 143 2265 756 Guns 3039 | 148 271 46 151 143 1524 756 Cannons . | . . . . . . . Explosions 733 | . . . . . 733 . Melee . | . . . . . . . Ramming 8 | . . . . . 8 . Kinetic 1357 | 59 114 30 64 41 682 367 Thermal 1682 | 89 157 16 87 102 842 389 Explosive 733 | . . . . . 733 . Electromagnetic . | . . . . . . . Impact . | . . . . . . . Slashing . | . . . . . . . Piercing . | . . . . . . . Highest Corruption 4 | . . . . . 4 4 Average Corruption 3 | . . . . . 3 2 Corruption Purged 8 | . . . . . 4 4 Corruption Blocked . | . . . . . . . Effects 10 | . . . . . 7 3 Message Errors 1 | . . . . . 1 . Matter Fused 2 | . . . . . 1 1 Heat Flow Errors 1 | . . . . . 1 . Energy Discharges 3 | . . . . . 2 1 Parts Rejected 1 | . . . . . . 1 Data Loss (minor) 1 | . . . . . 1 . Misfires 1 | . . . . . 1 . Overload Shots . | . . . . . . . Overflow Damage 18 | . . . . . 18 . Projectiles . | . . . . . . . Explosions 18 | . . . . . 18 . Melee . | . . . . . . . Knockbacks . | . . . . . . . Impact . | . . . . . . . Kinetic . | . . . . . . . Secondary . | . . . . . . . Self-Inflicted Damage 19 | . . . . . 19 . Shots 1 | . . . . . 1 . Rammed . | . . . . . . . Targets Rammed 2 | . . . . . 2 . Kicked 2 | . . . . . 2 . Crushed . | . . . . . . . Highest Temperature 360 | . 54 48 . . 116 360 Average Temperature 96 | . 23 26 . . 27 135 Received Heat Transfer 333 | . 12 . 42 9 270 . Effects 1 | . . . . . . 1 Shutdowns 1 | . . . . . . 1 Siege Activations . | . . . . . . . Martial Activations . | . . . . . . . Shielding Activations . | . . . . . . . Robots Disrupted . | . . . . . . . Combat Hostiles . | . . . . . . . Robots Corrupted . | . . . . . . . Combat Hostiles . | . . . . . . . Parts Fried . | . . . . . . . Impact Corruptions . | . . . . . . . Robots Melted . | . . . . . . . Combat Hostiles . | . . . . . . . Parts Melted 7 | . . . . . 5 2 Heat Transferred 3415 | 200 305 20 100 222 1813 755 Parts Sabotaged . | . . . . . . . Parts Stolen . | . . . . . . . Parts Stripped . | . . . . . . . Power Chain Reactions . | . . . . . . . Alert | -11 -10 -10 -10 -8 -7 -6 ------- Run | Yrd Mat Min Sub Mat Fac Fac Maximum Alert Level 1 | . . . . . 1 . Low Security (%) 77 | 100 100 100 . 100 37 100 Level 1 22 | . . . . . 62 . Level 2 . | . . . . . . . Level 3 . | . . . . . . . Level 4 . | . . . . . . . Level 5 . | . . . . . . . High Security . | . . . . . . . Max Security . | . . . . . . . Peak Influence 354 | 5 141 117 . 22 354 114 Initial 114 | . . 47 . . 2 114 Average 80 | . 52 78 . 2 178 17 Influence Increases 1221 | 15 244 70 94 69 605 124 Destroy 0b10 Robot/C 720 | . 140 60 80 20 380 40 Destroy 0b10 Robot/NC 90 | 15 10 . . . 40 25 Destroy Leader 174 | . 32 10 10 10 92 20 Allied During Kill 4 | . . . 4 . . . Successful Hack 52 | . 16 . . 9 4 23 Disable Machine 60 | . 15 . . 30 15 . Destroy Structure 31 | . 1 . . . 29 1 Lose Combat Pursuer 90 | . 30 . . . 45 15 Influence Decreases 1197 | 15 121 146 139 65 377 334 Entered New Map 227 | . . 76 25 2 4 120 Time Decay 890 | 15 121 70 94 63 313 214 Lost Part 60 | . . . . . 60 . Lost Ally 20 | . . . 20 . . . Squads Dispatched 9 | . 1 . . . 6 2 Investigation 2 | . . . . . 2 . Extermination 4 | . . . . . 2 2 Reinforcement 2 | . 1 . . . 1 . Assault . | . . . . . . . Garrison 1 | . . . . . 1 . Intercept . | . . . . . . . Searches Triggered . | . . . . . . . Construction Impeded 1 | . . . . . 1 . Haulers Reinforced . | . . . . . . . Active Scanning Responses . | . . . . . . . Cargo Convoy Interrupts . | . . . . . . . Stealth | -11 -10 -10 -10 -8 -7 -6 --------- Run | Yrd Mat Min Sub Mat Fac Fac Distress Signals 6 | . . . . 1 5 . Communications Jammed . | . . . . . . . Distress Signals . | . . . . . . . Times Spotted 54 | . 13 3 5 3 24 6 Peak Tracking Total 7 | . 7 3 2 2 6 2 Tactical Retreats 4 | . 1 . . . 2 1 Traps | -11 -10 -10 -10 -8 -7 -6 ------- Run | Yrd Mat Min Sub Mat Fac Fac Traps Triggered 4 | . . . 2 . . 2 Indirectly . | . . . . . . . Trap Hack Attempts . | . . . . . . . Triggered . | . . . . . . . Disarmed . | . . . . . . . Reprogrammed . | . . . . . . . Reused . | . . . . . . . Traps Extracted . | . . . . . . . Installed . | . . . . . . . Triggered . | . . . . . . . Machines | -11 -10 -10 -10 -8 -7 -6 ---------- Run | Yrd Mat Min Sub Mat Fac Fac Machines Disabled 4 | . 1 . . 2 1 . Max in Single Turn 1 | . 1 . . 1 1 . Garrison Access 4 | . . . . 1 2 1 Machines Repaired . | . . . . . . . Machines Dismantled . | . . . . . . . Machines Sabotaged . | . . . . . . . Overloaded Fab Kills . | . . . . . . . Hacking | -11 -10 -10 -10 -8 -7 -6 --------- Run | Yrd Mat Min Sub Mat Fac Fac Machines Accessed 19 | . 4 . . 5 6 4 Terminals 15 | . 4 . . 4 4 3 Fabricators . | . . . . . . . Repair Stations . | . . . . . . . Recycling Units . | . . . . . . . Scanalyzers . | . . . . . . . Garrison Access 4 | . . . . 1 2 1 Total Hacks 63 | . 14 . . 19 16 14 Successful 31 | . 5 . . 10 6 10 Failed 32 | . 9 . . 9 10 4 Catastrophic 7 | . 1 . . 2 3 1 Database Lockouts . | . . . . . . . Manual 26 | . 7 . . 9 4 6 Terminals 57 | . 14 . . 17 13 13 Fabricators . | . . . . . . . Repair Stations . | . . . . . . . Recycling Units . | . . . . . . . Scanalyzers . | . . . . . . . Garrison Access 6 | . . . . 2 3 1 Terminal Hacks 21 | . 4 . . 7 3 7 Robot Analysis 1 | . 1 . . . . . Prototype ID Bank 1 | . . . . 1 . . Emergency Access Points 5 | . . . . 2 1 2 Terminal Index 4 | . 1 . . 1 1 1 Locate Traps 4 | . 1 . . . 1 2 Maintenance Status 1 | . . . . 1 . . Surveillance Status 1 | . . . . . . 1 Investigation Status 1 | . . . . 1 . . Hauler Manifests 1 | . . . . . . 1 Zone Layout 2 | . 1 . . 1 . . Fabricator Hacks . | . . . . . . . Repair Station Hacks . | . . . . . . . Recycling Unit Hacks . | . . . . . . . Scanalyzer . | . . . . . . . Garrison Access Hacks 4 | . . . . 1 2 1 Seal Access 4 | . . . . 1 2 1 Unauthorized Hacks 6 | . 1 . . 2 1 2 Terminals 6 | . 1 . . 2 1 2 Botnet 6 | . 1 . . 2 1 2 Fabricators . | . . . . . . . Repair Stations . | . . . . . . . Recycling Units . | . . . . . . . Scanalyzers . | . . . . . . . Garrison Access . | . . . . . . . Data Cores Recovered . | . . . . . . . Used . | . . . . . . . Hacking Detections 17 | . 4 . . 5 5 3 Full Trace Events 2 | . . . . . 2 . Feedback Events . | . . . . . . . Feedback Blocked . | . . . . . . . Robot Schematics Acquired . | . . . . . . . Robots Built . | . . . . . . . Authchips . | . . . . . . . Time . | . . . . . . . Total Robot Build Rating . | . . . . . . . Part Schematics Acquired . | . . . . . . . Parts Built . | . . . . . . . Authchips . | . . . . . . . Time . | . . . . . . . Total Part Build Rating . | . . . . . . . Parts Repaired . | . . . . . . . Time . | . . . . . . . Parts Recycled . | . . . . . . . Recycled Matter . | . . . . . . . Retrieved Matter . | . . . . . . . Retrieved Components . | . . . . . . . Parts Scanalyzed . | . . . . . . . Part Schematics Acquired . | . . . . . . . Parts Damaged . | . . . . . . . Bothacking | -11 -10 -10 -10 -8 -7 -6 ------------ Run | Yrd Mat Min Sub Mat Fac Fac Used RIF Installer . | . . . . . . . Robots Hacked . | . . . . . . . Non-combat . | . . . . . . . Combat . | . . . . . . . Robot Hacks Applied . | . . . . . . . Relay Couplers Released . | . . . . . . . Fabnet Peak Effective % . | . . . . . . . Robots Rewired . | . . . . . . . Allies Hacked . | . . . . . . . Hacks Repelled . | . . . . . . . Allies | -11 -10 -10 -10 -8 -7 -6 -------- Run | Yrd Mat Min Sub Mat Fac Fac Total Allies 2 | . . 2 . . . . Largest Group 2 | . . 2 2 . . . Highest-Rated Group 46 | . . 46 46 . . . Highest-Rated Ally 31 | . . 31 31 . . . Total Orders . | . . . . . . . Ally Attacks 7 | . . . 7 . . . Total Damage 84 | . . . 84 . . . Kills 1 | . . . 1 . . . Allies Corrupted . | . . . . . . . Allies Melted . | . . . . . . . Intel | -11 -10 -10 -10 -8 -7 -6 ------- Run | Yrd Mat Min Sub Mat Fac Fac Active Infowar (turns) 3991 | . 407 143 691 535 1241 974 Sensors 3730 | . 146 143 691 535 1241 974 Terrain 656 | . . . . . . 656 Seismic 261 | . 261 . . . . . ECM 7 | . . . . . . 7 Robot Analysis Total 1 | . 1 . . . . . Derelict Logs Recovered 1 | . . . 1 . . . Drone Launches . | . . . . . . . Drone Recoveries . | . . . . . . . Exploration | -11 -10 -10 -10 -8 -7 -6 ------------- Run | Yrd Mat Min Sub Mat Fac Fac Turns Passed 4137 | 113 408 143 691 535 1271 976 Spaces Moved 2840 | 58 265 106 548 379 833 651 Core 17 | 17 . . . . . . Treads . | . . . . . . . Legs 2823 | 41 265 106 548 379 833 651 Wheels . | . . . . . . . Hover . | . . . . . . . Flight . | . . . . . . . Fastest Speed 50 | 50 120 120 120 120 120 120 Average Speed 121 | 99 120 120 120 122 121 127 Slowest Speed 190 | 120 120 120 120 125 122 190 Overloaded Moves . | . . . . . . . Propulsion Burnouts . | . . . . . . . Robots Hopped . | . . . . . . . Potential Cave-ins . | . . . . . . . Cave-ins Triggered . | . . . . . . . Exploration Rate (%) 24 | 5 40 23 34 29 22 20 Regions Visited 6 Branch Regions 2 Pre-discovered Areas . | . . . . . . . Known Exits Taken 2 | . . . . 1 1 . Unknown Exits Taken 4 | 1 1 1 1 . . . Scrap Searched 4 | . . 1 3 . . . Spaces Dug . | . . . . . . . Terrain Destroyed 42 | . . . . . 41 1 Melee . | . . . . . . . Projectile 2 | . . . . . 1 1 AOE 40 | . . . . . 40 . Terrain Rammed . | . . . . . . . Walls Destroyed . | . . . . . . . Machines Disabled . | . . . . . . . Actions | -11 -10 -10 -10 -8 -7 -6 --------- Run | Yrd Mat Min Sub Mat Fac Fac Total 3239 | 89 313 118 566 424 974 755 Wait 123 | 7 13 11 6 7 38 41 Move 2834 | 57 264 105 547 378 832 651 Hop . | . . . . . . . Pick Up 33 | 7 7 . 2 5 5 7 Fast Attach 18 | 4 . . . 4 4 6 Attach 14 | 3 . . 1 2 5 3 Detach 4 | . . . . 1 . 3 Swap 37 | . 4 . 1 8 13 11 Drop 35 | . 4 . 2 7 11 11 Fire 139 | 11 21 2 7 12 64 22 Melee . | . . . . . . . Ram . | . . . . . . . Kick 2 | . . . . . 2 . Crush . | . . . . . . . Escape Stasis . | . . . . . . . Rewire . | . . . . . . . Trap . | . . . . . . . Miscellaneous . | . . . . . . . Route ------- -11/Scrapyard -10/Materials (discovered 2 exits: [*Min x2]) -10/Mines -10/Subcaves -8/Materials -7/Factory -6/Factory History --------- Turn | Location | Event 8 | -11/Scrapyard | Discovered new exit (range 16) 114 | -11/Scrapyard | Entered Materials 197 | -10/Materials | Discovered new exit (range 5) 305 | -10/Materials | Build established: Mutant 322 | -10/Materials | Discovered new exit (range 8) 522 | -10/Materials | Entered Mines 569 | -10/Mines | Met a Derelict bent on vengeance 650 | -10/Mines | Discovered new exit (range 6) 665 | -10/Mines | Entered Subcaves 665 | -10/Subcaves | Accompanied by 2 allies 670 | -10/Subcaves | Led the pair of lost Derelicts to an unsafe place 686 | -10/Subcaves | Learned Materials emergency access door positions 1234 | -10/Subcaves | A swath of the cavern ceiling suddenly collapsed 1332 | -10/Subcaves | Discovered new exit (range 16) 1356 | -10/Subcaves | Entered Materials 1356 | -8/Materials | Evolved 4 slots: Utility x4 1879 | -8/Materials | Discovered new exit (range 10) 1890 | -8/Materials | Identified exit to Factory 1891 | -8/Materials | Entered Factory 1891 | -7/Factory | Evolved 2 slots: Propulsion x2 2522 | -7/Factory | Lost 3 parts (1p2u) 2643 | -7/Factory | Build established: Scavenger-Mutant 2673 | -7/Factory | Garrison activated, responded to threat 2989 | -7/Factory | Lost 3 parts (3u) 3044 | -7/Factory | Discovered new exit (range 6) 3051 | -7/Factory | Identified exit to Factory 3162 | -7/Factory | Entered another Factory area 3162 | -6/Factory | Evolved 2 slots: Power x1, Weapon x1 3460 | -6/Factory | Build established: Scavenger-Skirmisher 4138 | -6/Factory | Self-destructed Last Messages --------------- >>Index(Terminals) Found 17 terminals. Downloaded coordinate data. 03949_ Dropped Aluminum Leg. 03951_ Acquired Aluminum Leg. 03980_ K-01 Serf destroyed. 03992_ Acquired 21 matter. 04015_ ALERT: Potential suspicious activity detected, Programmers report to Factory Zone 9Q. 04040_ K-01 Serf destroyed. 04046_ Acquired 21 matter. 04071_ K-01 Serf cleans the Construction Platform. 04094_ Triggered Heavy Explosive Trap. 04094_ An explosion rips through the floor. 04094_ U-05 Engineer destroyed. 04098_ Acquired 11 matter. 04110_ Gravmag System melted. 04110_ Mic. Nuclear Core melted. 04110_ P-60 Hacker destroyed. 04116_ The unstable cave ceiling collapses. Map ----- +----------------------------------------------------+ | ????????????????????????????????????????????? | | ????????????????????????????????????????????? | | ????????????????????????????????????????????? | | ????????????????????????????????????????????? | | ????????????????????????????????????????????? | | ????????????????"????"???????"??????????????? | | ????????????????????? ???? ???? ????????????? | | ?????????????????????? ?????????????????????? | | ??????????????????? ????????????? ? ????????? | | ???????????????#????????##?????????####?????? | | ???????????#??????????#?? ? ?? ?? ????##? ?? | | ????????????##?? #????????? ?? ????##??#?? ? | | ???????????#????????##???????????????#?#????? | | ?????? ?????????????????? ? ? ? #???#? ?"? | | ????????????????? ?????? ? ???? ??## "" | | ?????????#?????? ???????? ????? ????### ? "" | | ??????????????? ???#??#? ?? ? ? ?#?#?#? "" | | ???????#???#????????#???? ??? ? ???##?## "? | | ?????????#? ????????????? ?? ????##?# "" | | ??????????????????????? ???? ?? ? ?#### "" | | ??????????? ? ???? ???#?? ??????? ??##?# ! | | ??#????#???? ? ???????? ? ?? ?? ?##?## %"" | | ???????????????????##############+##?### !"" | | ??????????????? ???# # ###??# "" | | ??????#????????????# # ###### "" | | ??????????? ? ??? #@ """ """ #^ "" | | ???????????????#?#?# """ """ ^ "" | | ???????????????##?## """ """ = "" | | ??????????????????## | | ?????#????#??#???#?# """ """ ! | | ????????????#?????## """ """ # ####### | | ????????#????###??## """ """ # | | ?????????#?#???###?# ###### | | ????????????????##?# #?#### """ " | | ???????????????????# ##?### """ " | | ??????#??#???#??#?#################### """ " | | ?????????????#??##?# + + | | ????????????#??#???# ] # # | | ?????????????#???#?# # ######+# | | ???????????????????# = # | | ???????????????????# # = | | ????????????????#??# [[ + = | | ????????????????#?## [[ # * | | ??????????????????## [[ # | | ???????????#???????# ####+######## | | ???????????#????#??# # #?? | | ???????????????#???# # ## | | ???????????????????# + ## | | ?????????????#?????############## "" "" ## | | ????????????????#?#???##???#????# "" "" ## | +----------------------------------------------------+ Best States ------------- Heat Dissipation 65 Energy Generation 27 Energy Capacity 370 Matter Stores 300 Matter Capacity 300 Sight Range 16 Robot Scan Range 16 Terrain Scan Range 20 Terrain Scan Density 85 ECM Strength 2 Armor Coverage 150 Evasion (%) 63 Core Analysis 6 Item Schematics ----------------- None Robot Schematics ------------------ None Fabricated ------------ Nothing Repaired ---------- Nothing Alien Tech Used ----------------- None Achievements -------------- None Challenges ------------ None Game ------ Seed BlastThunderScrapsphere Manual? 0 Play Time 00:44:41 Cumulative 233.1 hours Start 2025.08.22 @ 22:49:01 End 2025.08.25 @ 14:57:17 Sessions 3 Manual Loads 0 Difficulty Rogue Special Mode None Game No. 411 Rogue 411 Adventurer 0 Explorer 0 Win Type - Total 1 Types 1/0/0/0/0/0/0/0/0/0 Lore% 30 Gallery% 47 Achievement% 39 Wizard Run 0 Options --------- Layout 1 ASCII 0 Keyboard 1 Movement Vi Keybinds 0 Fullscreen 0 Font 20/Smallcaps Map View 59x39 Zoom Use 0% Tactical HUD 1 Map Filters NONE Filters NONE Steam 1 RUN: 62391a58-5825-43cd-b0d3-c7dbec73ebb2